 Dungeon Crawl Stone Soup version 0.22-a0-346-ga714374 (webtiles) character file.

33 xccam the Covered (level 3, 0/31 HPs)
             Began as a Gnoll Wanderer on Apr 6, 2018.
             Slain by a worm (7 damage)
             ... on level 2 of the Dungeon.
             The game lasted 00:01:16 (970 turns).

xccam the Covered (Gnoll Wanderer)                   Turns: 970, Time: 00:01:17

Health: 0/31       AC:  9    Str: 17    XL:     3   Next: 29%
Magic:  7/7        EV: 10    Int: 13    God:
Gold:   57         SH:  0    Dex: 13    Spells: 7/7 levels left

rFire    . . .     SeeInvis .   d - +0 club
rCold    . . .     Gourm    .   (no shield)
rNeg     . . .     Faith    .   b - +0 ring mail
rPois    .         Spirit   .   m - +0 helmet
rElec    .         Reflect  .   (no cloak)
rCorr    .         Harm     .   (no gloves)
MR       .....                  a - +1 pair of boots
Stlth    +.........             (no amulet)
HPRegen  0.10/turn              (no ring)
MPRegen  0.10/turn              (no ring)

@: no status effects
A: distributed training, fangs 1, strong nose
a: no special abilities


You were on level 2 of the Dungeon.
You were hungry.

You visited 1 branch of the dungeon, and saw 2 of its levels.

You collected 57 gold pieces.

Inventory:

Hand Weapons
 d - a +0 club (weapon)
Armour
 a - a +1 pair of boots (worn)
 b - a +0 ring mail (worn)
 m - a +0 helmet (worn)
Scrolls
 c - a scroll of teleportation
 e - 2 scrolls of noise {unknown}
 h - 3 scrolls of identify {unknown}
 i - a scroll of remove curse {unknown}
 k - a scroll of enchant weapon {unknown}
Potions
 g - a potion of degeneration {unknown}
 j - a potion of brilliance {unknown}
 l - a potion of haste {unknown}
Comestibles
 f - 4 rations


   Skills:
 + Level 4.5 Fighting
 + Level 0.7 Short Blades
 + Level 0.7 Long Blades
 + Level 0.7 Axes
 + Level 0.7 Maces & Flails
 + Level 0.7 Polearms
 + Level 0.7 Staves
 + Level 0.7 Slings
 + Level 2.6 Bows
 + Level 0.7 Crossbows
 + Level 2.6 Throwing
 + Level 4.5 Armour
 + Level 0.7 Dodging
 + Level 0.7 Stealth
 + Level 0.7 Shields
 + Level 0.7 Unarmed Combat
 + Level 2.8 Spellcasting
 + Level 0.5 Conjurations
 + Level 3.7 Hexes
 + Level 0.5 Charms
 + Level 0.5 Summonings
 + Level 0.5 Necromancy
 + Level 0.5 Translocations
 + Level 0.5 Transmutations
 + Level 0.5 Fire Magic
 + Level 0.5 Ice Magic
 + Level 0.5 Air Magic
 + Level 0.5 Earth Magic
 + Level 0.5 Poison Magic
 + Level 0.9 Invocations
 + Level 2.6 Evocations


You had 7 spell levels left.
You didn't know any spells.

Dungeon Overview and Level Annotations

Branches:
Dungeon (2/15)

Altars:


Innate Abilities, Weirdness & Mutations

Your experience applies equally to all skills.
You have very sharp teeth.
Your uncanny sense of smell can sniff out nearby items.


Message History

The worm is severely wounded.
The worm bites you but does no damage.
You completely miss the worm.
The worm is heavily wounded.
You barely miss the worm.
The worm is heavily wounded.
The worm bites you!
You hit the worm.
The worm is severely wounded.
The worm bites you.
You are too injured to fight recklessly!
You are too injured to fight recklessly!
You hit the worm. You bite the worm.
The worm is severely wounded.
The worm bites you.
* * * LOW HITPOINT WARNING * * *
You hit the worm. You bite the worm.
The worm is almost dead.
The worm bites you!
You die...

#.#.# #.#
#.#.###########.#
#.#.............#
#.#..############
#.#..########## .
#.............#
#.####..########.#
..<.....# #.#
#.#####.########@#
................w...#
#.....#.########.#.##
#######.## #...#
.........############
...####.............#
#..######.##### ##.#
#.# #.# #.#


You could see a worm.

Vanquished Creatures
  A dart slug (D:1)
  A leopard gecko (D:1)
  2 giant cockroaches
  4 goblins (D:1)
  5 hobgoblins (D:1)
  4 kobolds
  A quokka (D:2)
  3 bats (D:1)
  4 frilled lizards (D:1)
  5 rats
30 creatures vanquished.

Notes
Turn   | Place    | Note
-------+----------+-------------------------------------------
     0 | D:1      | xccam the Gnoll Wanderer began the quest for the Orb.
     0 | D:1      | xccam set off with: a +0 ring mail, a scroll of teleportation, a +0 club, a ration
     0 | D:1      | Reached XP level 1. HP: 20/20 MP: 4/4
   149 | D:1      | Reached XP level 2. HP: 25/26 MP: 5/5
   572 | D:1      | Reached XP level 3. HP: 31/31 MP: 7/7
   970 | D:2      | Slain by a worm

Vault maps used:
D:1:      lemuel_arrival_hallway
D:2:      minitemple, chequers_temple_overflow_minitemple,
          kennysheep_flooded_box, uniq_sigmund

Action                   || total
-------------------------++-------
Melee: Club              ||   151
       Bite              ||    15
Armor: Ring mail         ||    80
Dodge: Dodged            ||    86

Table legend:
 A = Spawn XP
 B = Non-spawn XP
 C = Spawn XP percentage of total XP
 D = Spawn monster count
 E = Non-spawn monster count
 F = Spawn count percentage of total count
 G = Total turns spent on level
                    A         B        C        D         E        F      G
               +---------+---------+-------+---------+---------+-------+---------
         Total |       0 |      48 |   0.0 |       0 |      30 |   0.0 |   970
               +---------+---------+-------+---------+---------+-------+---------
           D:1 |       0 |      42 |   0.0 |       0 |      26 |   0.0 |   826
           D:2 |       0 |       6 |   0.0 |       0 |       4 |   0.0 |   144
               +---------+---------+-------+---------+---------+-------+---------
